 Dungeon Crawl Stone Soup version 0.28.0-45-g0d030f2227 (webtiles) character file.

Game seed: 8928929373050037208

99 NinjaNoafa the Chopper (level 4, 0/40 HPs)
             Began as a Hill Orc Fighter on Apr 4, 2022.
             Was a Follower of Ru.
             Succumbed to Crazy Yiuf's poison
             ... on level 2 of the Dungeon.
             The game lasted 00:03:55 (1531 turns).

NinjaNoafa the Chopper (Hill Orc Fighter)           Turns: 1531, Time: 00:03:55

Health: 0/40       AC:  8    Str: 20    XL:     4   Next: 72%
Magic:  5/5        EV: 13    Int:  8    God:    Ru [*.....]
Gold:   47         SH:  4    Dex: 10    Spells: 4/4 levels left

rFire   . . .      SeeInvis .   a - +0 war axe
rCold   . . .      Faith    .   c - +0 buckler
rNeg    . . .      Spirit   .   b - +0 scale mail
rPois   .          Reflect  .   (no helmet)
rElec   .          Harm     .   (no cloak)
rCorr   .          Rampage  .   (no gloves)
Will    .....                   i - +0 pair of boots
Stlth   ..........              (no amulet)
HPRegen 0.13/turn               f - +4 ring of evasion
MPRegen 0.09/turn               (no ring)

@: mighty, lethally poisoned (0 -> -3), weak-willed, unable to drink
A: inability to drink while threatened
a: Renounce Religion


You were on level 2 of the Dungeon.
You worshipped Ru.
Ru was aware of your devotion.
You visited 1 branch of the dungeon, and saw 2 of its levels.

You collected 47 gold pieces.

Inventory:

Hand Weapons
 a - a +0 war axe (weapon)
 g - a +0 hand axe
 n - a +0 hunting sling
Missiles
 h - 105 stones
 j - 26 arrows
 k - 6 poisoned darts (quivered)
Armour
 b - a +0 scale mail (worn)
 c - a +0 buckler (worn)
 i - a +0 pair of boots (worn)
Jewellery
 f - a +4 ring of evasion (left hand)
Scrolls
 o - a scroll of fog {unknown}
 q - a scroll of noise {unknown}
Potions
 l - a potion of heal wounds {unknown}
 p - a potion of magic {unknown}


   Skills:
 - Level 3.8 Fighting
 - Level 4.0 Axes
 + Level 3.9 Armour
 + Level 3.7 Shields
 + Level 0.7 Spellcasting
 * Level 1.6 Summonings


You had 4 spell levels left.
You didn't know any spells.
Your spell library contained the following spells:

 Spells                   Type           Power      Damage    Failure   Level
 Call Canine Familiar     Summ           2%         N/A       93%         3
 Portal Projectile        Hex/Tloc       0%         N/A       99%         3
 Stone Arrow              Conj/Erth      0%         3d7       99%         3
 Animate Armour           Summ/Erth      2%         N/A       100%        4
 Leda's Liquefaction      Hex/Erth       0%         N/A       100%        4
 Lehudib's Crystal Spear  Conj/Erth      0%         10d2      100%        8


Dungeon Overview and Level Annotations

Branches:
Dungeon (2/15)

Altars:
Ru

Annotations:
D:2 Crazy Yiuf


Innate Abilities, Weirdness & Mutations

You sometimes lose the ability to drink potions when taking damage.


Message History

Crazy Yiuf completely misses you.
You hit Crazy Yiuf but do no damage.
Crazy Yiuf is heavily wounded.
Crazy Yiuf misses you.
You closely miss Crazy Yiuf.
Crazy Yiuf is heavily wounded.
Crazy Yiuf cries, "Hah song green!"
Crazy Yiuf hits you with a +4 quarterstaff of chaos!
You are poisoned.
Crazy Yiuf misses you.
You barely miss Crazy Yiuf.
Crazy Yiuf is moderately wounded.
You feel very sick.
Crazy Yiuf laughs, "Proton high head!"
Crazy Yiuf barely misses you.
Okay, then.
You feel very mighty all of a sudden.
You feel sick.
You redirect Crazy Yiuf's attack!
Crazy Yiuf hits himself but does no damage.
Crazy Yiuf is poisoned.
You closely miss Crazy Yiuf.
Crazy Yiuf is moderately wounded.
You feel sick. Crazy Yiuf completely misses you.
You barely miss Crazy Yiuf.
Crazy Yiuf is moderately wounded.
You feel sick. Crazy Yiuf hits you but does no damage.
You are confused.
Crazy Yiuf hits you with a +4 quarterstaff of chaos!
You feel threatened and lose the ability to drink potions!
* * * LOW HITPOINT WARNING * * *
You cannot drink potions in your current state!
You're too confused to move!
* * * LOW HITPOINT WARNING * * *
You feel sick. Crazy Yiuf barely misses you.
You are too confused!
You miss Crazy Yiuf.
Crazy Yiuf is severely wounded.
You feel less confused.
You die...

#...... #.##### #.# ###
#.# #.. ########### #.#
#.# ..........# #.###.#
############♣♣♣♣♣
##.#...#
..........+...♣.♣♣♣ ###
#.>#.###
########.......♣@g♣#...#
####[# #.....♣♣♣♣♣.'...#
#.##.# ##.'..♣ ♣♣#..)#
#.##.# ####♣♣ ### #....#
#.#### #.# ###### ###
#.# #....# #.# #.#
#....## #.# #.#


You could see Crazy Yiuf (very poisoned, weak-willed).

Vanquished Creatures
  A centaur skeleton (D:2)
  Terence (D:2)
  A dart slug (D:1)
  3 endoplasms
  2 goblins (D:1)
  9 hobgoblins
  6 jackals (D:2)
  A quokka (D:1)
  3 ball pythons
  4 bats
  A frilled lizard (D:1)
  3 kobolds (D:1)
  5 rats
40 creatures vanquished.

Vanquished Creatures (others)
  5 fungi (D:2)
5 creatures vanquished.

Grand Total: 45 creatures vanquished

Notes
Turn   | Place    | Note
-------+----------+-------------------------------------------
     0 | D:1      | NinjaNoafa the Hill Orc Fighter began the quest for the
                  | Orb.
     0 | D:1      | Reached XP level 1. HP: 19/19 MP: 1/1
   210 | D:1      | Reached skill level 3 in Axes
   210 | D:1      | Reached XP level 2. HP: 27/27 MP: 2/2
   349 | D:1      | Found a faded altar of an unknown god.
   356 | D:1      | Prayed at the altar of an unknown god.
   356 | D:1      | Became a worshipper of Ru the Awakened
   358 | D:1      | Gained mutation: You sometimes lose the ability to drink
                  | potions when taking damage. [Ru sacrifice]
   358 | D:1      | Reached * piety under Ru
   859 | D:2      | Reached XP level 3. HP: 28/33 MP: 3/3
  1002 | D:2      | Noticed Terence
  1013 | D:2      | Killed Terence
  1014 | D:2      | Reached skill level 1 in Summonings
  1134 | D:2      | Reached XP level 4. HP: 35/40 MP: 4/4
  1250 | D:2      | Reached skill level 4 in Axes
  1515 | D:2      | Found a runed translucent door.
  1516 | D:2      | Noticed Crazy Yiuf
  1530 | D:2      | HP: 2/40 [poisoned by Crazy Yiuf]
  1531 | D:2      | Succumbed to Crazy Yiuf's poison

Illustrated notes

Levels and vault maps discovered:
D:1:      lightli_arrival_statuegarden, layout_basic,
          dilly_ecumenical_altar_fadedgnrine
D:2:      layout_basic, uniq_crazy_yiuf_cottage, uniq_terence

Skill      XL: |  1  2  3  4 |
---------------+-------------+-----
Axes           | 3 4 |  4.0
Summonings     | 1 |  1.6
Fighting       | |  3.8
Armour         | |  3.9
Shields        | |  3.7
Spellcasting   | |  0.7

Action                   |  1- 3 |  4- 6 || total
-------------------------+-------+-------++-------
Melee: War axe           |    54 |    52 ||   106
 Fire: Hunting sling     |     2 |       ||     2
Invok: Sacrifice Drink   |     1 |       ||     1
  Use: Scroll            |       |     2 ||     2
       Potion            |       |     1 ||     1
Armor: Scale mail        |    23 |    15 ||    38
Dodge: Dodged            |    68 |    43 ||   111
Block: Buckler           |    19 |    12 ||    31
